 Dungeon Crawl Stone Soup version 0.19-a0-1896-g611e798 (webtiles) character file.

19735 Eniamerus the Unseen (level 12, 0/94 HPs)
             Began as a Spriggan Assassin on Oct 19, 2016.
             Was the Champion of Okawaru.
             Succumbed to a black mamba's poison
             ... on level 2 of the Lair of Beasts.
             The game lasted 00:44:24 (17599 turns).

Eniamerus the Unseen (Spriggan Assassin)           Turns: 17599, Time: 00:44:25

Health: 0/94       AC: 26    Str:  5    XL:     12   Next: 39%
Magic:  16/22      EV:  4    Int: 13    God:    Okawaru [******]
Gold:   644        SH:  0    Dex: 30    Spells: 2 memorised, 8 levels left

rFire  . . .     SeeInvis +     D - +8 short sword of Uquuzi Sekk {pierce, MP+9}
rCold  . . .     Gourm    .     (armour currently unavailable)
rNeg   + + +     Faith    .     (shield restricted)
rPois  +         Spirit   .     (helmet currently unavailable)
rElec  +         Reflect  .     (cloak currently unavailable)
rCorr  .         Harm     .     (gloves unavailable)
MR     ++...     NoTele   +     (boots unavailable)
Stlth  +++++++++.               c - amulet of the Air {Inacc +Fly rElec EV+5 RMsl}
                                d - +2 ring of evasion
                                H - +3 ring of dexterity

@: agile, lethally poisoned (0 -> -1), tree-form, repel missiles
A: unfitting armour, (slimy green scales 0), see invisible, herbivore 3, (speed
0), slow metabolism 2, weak 1
a: Heroism, Finesse, Renounce Religion


You were on level 2 of the Lair of Beasts.
You worshipped Okawaru.
Okawaru was exalted by your worship.
You were completely stuffed.
You were a tree.
You visited 3 branches of the dungeon, and saw 13 of its levels.

You collected 656 gold pieces.
You spent 12 gold pieces at shops.

Inventory:

Hand Weapons
 a - a +2 dagger of venom
 b - a +1 blowgun
 m - a +2 dagger of freezing
 p - a +0 hunting sling
 D - the +8 short sword of Uquuzi Sekk (weapon) {pierce, MP+9}
   (You took it off an orc wizard on level 4 of the Dungeon)

   It inflicts extra damage upon your enemies.
   It affects your magic capacity (+9).
Missiles
 e - 87 poisoned needles
 o - 447 stones (quivered)
 x - 2 curare-tipped needles
 L - a needle of confusion
 Z - 6 needles of paralysis
Armour
 q - the +2 robe of Coronation {Int+8 Dex-5}
   (You found it on level 9 of the Dungeon)

   It affects your intelligence (+8).
   It affects your dexterity (-5).
 w - a +2 robe of positive energy (melded)
 y - a +2 cloak of poison resistance (melded)
Rods
 V - a +0 rod of clouds (9/9)
   (You found it on level 10 of the Dungeon)
Jewellery
 c - the amulet of the Air (around neck) {Inacc +Fly rElec EV+5 RMsl}
   (You found it on level 9 of the Dungeon)

   [amulet of inaccuracy]

   It reduces the accuracy of all your attacks.
   It affects your evasion (+5).
   It insulates you from electricity.
   It lets you fly.
   It protects you from missiles.
 d - a +2 ring of evasion (right branch)
 i - an uncursed ring of resist corrosion
 F - an uncursed ring of ice
 H - a +3 ring of dexterity (left branch)
 J - an uncursed amulet of magic regeneration {unknown}
 P - an uncursed ring of poison resistance
Wands
 r - a wand of lightning (1/15)
 s - a wand of teleportation (3/9)
 z - a wand of teleportation (4/9)
 B - a wand of acid (6/15)
 C - a wand of acid (9/15)
 G - a wand of polymorph (16/24)
 O - a wand of random effects (21/48)
 S - a wand of digging (5/24)
Scrolls
 j - 9 scrolls of remove curse
 v - 2 scrolls of magic mapping
 E - a scroll of immolation
 N - a scroll of fear
 Q - 3 scrolls of recharging
 U - a scroll of amnesia
 X - 2 scrolls of holy word
Potions
 f - a potion of haste
 h - 4 potions of magic
 k - 2 potions of might
 n - a potion of berserk rage
 t - 2 potions of invisibility
 A - a potion of cure mutation
 K - a potion of mutation
 M - 2 potions of brilliance
 R - a potion of lignification
 Y - a potion of flight {unknown}
Comestibles
 g - 7 bread rations
 l - 11 fruits
 u - 2 royal jellies


   Skills:
 + Level 7.3 Fighting
 + Level 9.7 Short Blades
 + Level 8.7 Throwing
 + Level 11.7 Dodging
 + Level 18.0 Stealth


You had 8 spell levels left.
You knew the following spells:

 Your Spells              Type           Power        Failure   Level  Hunger
a - Apportation           Tloc           #.........   30%         1    ##.....
b - Repel Missiles        Chrm/Air       #.....       47%         2    ###....


Dungeon Overview and Level Annotations

Branches:
Dungeon (10/15)            Temple (1/1) D:6            Lair (2/6) D:9
    Orc (0/2) D:10
  Swamp: Lair:2-4    Shoals: Lair:2-4     Snake: Lair:2-4    Spider: Lair:2-4

Altars:
Ashenzari
Cheibriados
Dithmenos
Elyvilon
Fedhas
Gozag
Hepliaklqana
Kikubaaqudgha
Makhleb
Nemelex Xobeh
Okawaru
Qazlal
Ru
Sif Muna
Trog
Uskayaw
Vehumet
Xom
Yredelemnul
Zin
The Shining One

Shops:
D:4 *

Annotations:
D:7 exclusion: statue


Innate Abilities, Weirdness & Mutations

You are very small and have problems with some larger weapons.
You are too small for most types of armour.
You have supernaturally acute eyesight. (SInv)
You are a herbivore.
((You cover ground extremely quickly.))
You need consume almost no food.
((You are partially covered in slimy green scales. (AC +2)))
You are weak. (Str -2)


Message History

You feel sick. The hippogriff bites you!
* * * LOW HITPOINT WARNING * * *
The hippogriff pecks you!
* * * LOW HITPOINT WARNING * * *
The hippogriff completely misses you.
* * * LOW HITPOINT WARNING * * *
You feel sick.
* * * LOW HITPOINT WARNING * * *
You feel sick.
It was a potion of agility.
You feel agile all of a sudden.
It was a potion of mutation.
You feel extremely strange.
You feel weaker.
Slimy green scales grow over part of your body.
It was a potion of lignification.
You turn into a tree.
Your +2 cloak of poison resistance melds into your body.
Your +2 robe of positive energy melds into your body.
You feel less protected from negative energy.
Your roots penetrate the ground.
You die...

!.. .. #........ .###
P....#..## .#.#
#......#...##### ###....
#.P....+...P##.#####......
#.#............(†.........
##...###...................
#P.........................
##........♣.H.......#P#####
#P............†.....###
#...................#
##....P###..........##
#P....## #####......P#
#......#######......##
##....###.#.........#
##..................P#
#....................# ###


You could see a hippogriff.

Vanquished Creatures
  A hydra (Lair:2)
  A death yak (Lair:2)
  2 unseen horrors (D:10)
  Pikel (D:4)
  2 hill giants (D:10)
  A black mamba (Lair:2)
  A torpor snail (Lair:2)
  3 spiny frogs (Lair:1)
  2 komodo dragons
  2 two-headed ogres
  3 hornets
  2 trolls (D:9)
  2 blink frogs (Lair:2)
  5 hippogriffs
  Sigmund (D:3)
  27 yaks
  A human (D:9)
  6 water moccasins
  A soldier ant (D:9)
  2 porcupines (Lair:2)
  5 orc warriors
  6 sky beasts
  2 black bears
  7 phantoms
  A necrophage (D:10)
  4 ogres
  4 centaurs
  3 crocodiles
  A big kobold (D:7)
  8 bullfrogs
  5 scorpions
  5 killer bees (D:9)
  8 wights
  A centaur zombie (D:7)
  A howler monkey (D:4)
  6 crimson imps
  3 bullfrog skeletons
  4 hounds
  3 jellies
  7 orc priests
  A gnoll shaman (D:6)
  Crazy Yiuf (D:3)
  Terence (D:3)
  A human skeleton (D:9)
  An iguana (D:6)
  Natasha (thrice) (D:3)
  16 orc wizards
  10 worker ants
  A worker ant zombie (D:6)
  Robin (D:3)
  A howler monkey skeleton (D:7)
  7 gnolls
  12 adders
  4 river rats (D:9)
  3 shadow imps
  3 oozes
  2 adder skeletons
  4 worms
  4 dart slugs
  7 leopard geckos
  35 orcs
  8 giant cockroaches
  17 hobgoblins
  12 jackals
  2 quokkas
  4 ball pythons
  15 bats
  4 frilled lizards
  25 goblins
  2 jackal skeletons
  18 kobolds
  A kobold skeleton (D:9)
  A quokka skeleton (D:7)
  13 rats
390 creatures vanquished.

Vanquished Creatures (others)
  11 fungi
  3 plants (D:9)
14 creatures vanquished.

Grand Total: 404 creatures vanquished

Notes
Turn   | Place    | Note
-------+----------+-------------------------------------------
     0 | D:1      | Eniamerus the Spriggan Assassin began the quest for the Orb.
     0 | D:1      | Reached XP level 1. HP: 10/10 MP: 2/2
    45 | D:1      | Reached skill level 6 in Stealth
   137 | D:1      | Reached XP level 2. HP: 14/14 MP: 3/3
   826 | D:1      | Reached skill level 7 in Stealth
  1268 | D:1      | Reached XP level 3. HP: 16/18 MP: 4/4
  2162 | D:2      | Found a basalt altar of Yredelemnul.
  2172 | D:2      | Reached skill level 8 in Stealth
  2413 | D:2      | Noticed Natasha
  2562 | D:2      | Reached XP level 4. HP: 22/22 MP: 5/5
  2948 | D:3      | Noticed Sigmund
  2974 | D:3      | Killed Sigmund
  2974 | D:3      | Reached skill level 10 in Stealth
  2974 | D:3      | Reached XP level 5. HP: 25/25 MP: 6/6
  3182 | D:3      | Found a runed door.
  3201 | D:3      | Noticed Terence
  3209 | D:3      | Killed Terence
  3243 | D:3      | Reached skill level 11 in Stealth
  3243 | D:3      | Reached XP level 6. HP: 13/30 MP: 7/7
  3353 | D:3      | Killed Natasha
  4233 | D:3      | Noticed Robin
  4246 | D:3      | Killed Robin
  4772 | D:3      | Found a blossoming altar of Fedhas.
  5106 | D:3      | Reached skill level 12 in Stealth
  5492 | D:3      | Noticed Natasha
  5518 | D:3      | Killed Natasha
  5624 | D:3      | Noticed Natasha
  5698 | D:3      | Killed Natasha
  5888 | D:3      | Noticed Crazy Yiuf
  5892 | D:3      | Killed Crazy Yiuf
  5892 | D:3      | Reached XP level 7. HP: 33/33 MP: 8/8
  6133 | D:4      | Found a shattered altar of Ashenzari.
  6150 | D:4      | Found a sparkling altar of Nemelex Xobeh.
  6170 | D:4      | Reached skill level 13 in Stealth
  6566 | D:4      | Reached skill level 14 in Stealth
  6975 | D:4      | Found Imahef's Serpentskin Sales.
  6988 | D:4      | Bought 2 curare-tipped needles for 12 gold pieces
  7039 | D:4      | Noticed Pikel
  7043 | D:4      | Killed Pikel
  7043 | D:4      | Reached XP level 8. HP: 39/39 MP: 9/9
  7152 | D:4      | Got a fine short sword {pierce}
  7153 | D:4      | Identified the +8 short sword of Uquuzi Sekk {pierce, MP+9} (You took it off an orc wizard on level 4 of the Dungeon)
  7376 | D:4      | Found a shadowy altar of Dithmenos.
  7408 | D:5      | Entered Level 5 of the Dungeon
  7754 | D:5      | Reached XP level 9. HP: 44/44 MP: 10/10
  7837 | D:5      | Reached skill level 15 in Stealth
  7895 | D:5      | Reached skill level 5 in Dodging
  8815 | D:6      | Found a stormy altar of Qazlal.
  8920 | D:6      | Found an opulent altar of Gozag.
  9068 | D:6      | Found a staircase to the Ecumenical Temple.
  9090 | Temple   | Entered the Ecumenical Temple
  9115 | Temple   | Became a worshipper of Warmaster Okawaru
  9229 | D:6      | Reached skill level 5 in Short Blades
  9584 | D:6      | Found an iron altar of Okawaru.
  9739 | D:7      | Reached skill level 5 in Throwing
  9764 | D:7      | Reached * piety under Okawaru
  9998 | D:7      | Reached XP level 10. HP: 51/51 MP: 11/11
 10412 | D:7      | Found an ancient bone altar of Kikubaaqudgha.
 10430 | D:7      | Found a radiant altar of Vehumet.
 10608 | D:8      | Learned a level 1 spell: Apportation
 10709 | D:8      | Reached ** piety under Okawaru
 10992 | D:8      | Reached skill level 16 in Stealth
 11304 | D:9      | Found a runed door.
 11489 | D:9      | Found a basalt altar of Yredelemnul.
 11569 | D:9      | Found a white marble altar of Elyvilon.
 11626 | D:9      | Reached skill level 5 in Fighting
 12075 | D:9      | Got a brightly glowing robe
 12087 | D:9      | Reached *** piety under Okawaru
 12465 | D:9      | Identified the +2 robe of Coronation {Int+8 Dex-5} (You found it on level 9 of the Dungeon)
 12914 | D:9      | Found a staircase to the Lair.
 13011 | D:9      | Reached **** piety under Okawaru
 13011 | D:9      | Reached XP level 11. HP: 27/56 MP: 12/12
 13357 | D:9      | Found a snail-covered altar of Cheibriados.
 13469 | D:10     | Entered Level 10 of the Dungeon
 13931 | D:10     | Noticed a hill giant
 13999 | D:10     | Killed a hill giant
 14042 | D:10     | Noticed an unseen horror
 14043 | D:10     | Noticed a hill giant
 14046 | D:10     | Killed a hill giant
 14051 | D:10     | Killed an unseen horror
 14051 | D:10     | Reached skill level 17 in Stealth
 14056 | D:10     | Reached skill level 10 in Dodging
 14359 | D:10     | Found a staircase to the Orcish Mines.
 14382 | D:10     | Identified a +0 rod of clouds (9/9) (You found it on level 10 of the Dungeon)
 14485 | D:10     | Noticed an unseen horror
 14488 | D:10     | Received a gift from Okawaru
 14521 | D:10     | Killed an unseen horror
 14521 | D:10     | Reached ***** piety under Okawaru
 14730 | D:10     | Learned a level 2 spell: Repel Missiles
 14870 | Lair:1   | Entered Level 1 of the Lair of Beasts
 14878 | Lair:1   | HP: 2/56 [yak (16)]
 15914 | Lair:1   | Received a gift from Okawaru
 15926 | Lair:1   | Found an ancient bone altar of Kikubaaqudgha.
 15927 | Lair:1   | Reached XP level 12. HP: 62/62 MP: 13/13
 16191 | Lair:1   | Received a gift from Okawaru
 16833 | Lair:2   | Noticed a seven-headed hydra
 16844 | Lair:2   | Killed a seven-headed hydra
 17012 | Lair:2   | Noticed a death yak
 17043 | Lair:2   | Killed a death yak
 17043 | Lair:2   | Reached ****** piety under Okawaru
 17043 | Lair:2   | Reached skill level 18 in Stealth
 17279 | Lair:2   | Received a gift from Okawaru
 17590 | Lair:2   | HP: 2/63 [hippogriff (8)]
 17596 | Lair:2   | HP: 1/63 [poisoned by a black mamba]
 17598 | Lair:2   | Gained mutation: You are weak. (Str -2) [potion of mutation]
 17598 | Lair:2   | Gained mutation: You are partially covered in slimy green scales. (AC +2) [potion of mutation]
 17599 | Lair:2   | Succumbed to a black mamba's poison

Vault maps used:
D:1:      erik_arrival_triangle_small
D:2:      lemuel_crystal_altar, corexii_leaking_fountain, uniq_natasha
D:3:      cheibrodos_greedy_goblins, fedhas_altar_1, first_bread,
          grunt_ministairs_5, minmay_tree_intersection, st_stairs_13,
          uniq_crazy_yiuf_cottage, uniq_robin, uniq_sigmund, uniq_terence
D:4:      lemuel_crystal_altar, nicolae_overflow_crystal_walls,
          nicolae_overflow_hidden_temple, guppyfry_shop_venom, uniq_pikel
D:5:      serial_bayou_lake_a
D:6:      lemuel_coloured_pillars_altar, lemuel_round_altar,
          okawaru_metal_pillars_1_2
D:7:      vehumet_statue, kiku_gazebo_pond_becter
D:9:      elyvilon_altar_1, cheibrodos_worm_habitat,
          grunt_lair_entry_orc_guard_hut, hangedman_pestilent_swarm,
          dk_yredelemnul_ordeal
D:10:     kennysheep_big_flooded_room, orc_0_dummy
Temple:   cyrus_temple_forest
Lair:1:   lemuel_altar_in_water2

Skill      XL: |  1  2  3  4  5  6  7  8  9 10 11 12 |
---------------+-------------------------------------+-----
Stealth        | 6 7 8 10 11 12 14 15 16 17 18 | 18.0
Fighting       | 2 3 4 5 6 7 |  7.3
Short Blades   | 3 4 5 7 9 |  9.7
Throwing       | 3 5 6 8 |  8.7
Dodging        | 3 4 7 9 11 | 11.7

Action                   |  1- 3 |  4- 6 |  7- 9 | 10-12 || total
-------------------------+-------+-------+-------+-------++-------
Melee: Dagger            |   179 |   162 |   163 |       ||   504
       Short sword       |       |       |   162 |   667 ||   829
 Fire: Blowgun           |       |    48 |     2 |    37 ||    87
       Hunting sling     |       |       |     7 |       ||     7
  Use: Scroll            |       |    10 |     7 |    12 ||    29
       Potion            |       |     4 |     1 |    13 ||    18
 Stab: Sleeping          |    14 |    12 |    35 |    28 ||    89
       Distracted        |     1 |     1 |     6 |     6 ||    14
       Invisible         |       |       |       |    14 ||    14
       Confused          |       |       |       |     3 ||     3
       Paralysed         |       |       |       |     1 ||     1
  Eat: Fruit             |       |     1 |     3 |     3 ||     7
       Royal jelly       |       |     1 |       |     7 ||     8
       Pizza             |       |       |     1 |       ||     1
Armor: Robe              |    14 |    24 |    21 |    41 ||   100
Dodge: Dodged            |   129 |   145 |   230 |   672 ||  1176
